 Dungeon Crawl Stone Soup version 0.31-a0-1388-g4b2ba238e7 (webtiles) character file.

Game seed: 16908267938451917993

23492 Inarius the Nimble (level 13, -13/80 HPs)
             Began as a Kobold Chaos Knight on Dec 23, 2023.
             Was a Plaything of Xom.
             Succumbed to an emperor scorpion's poison
             ... on level 2 of the Lair of Beasts on Dec 24, 2023.
             The game lasted 00:29:54 (14109 turns).

Inarius the Nimble (Kobold Chaos Knight)           Turns: 14109, Time: 00:29:54

Health: -13/80     AC:  9    Str: 13    XL:     13   Next: 35%
Magic:  13/13      EV: 20    Int: 17    God:    Xom [*.....]
Gold:   709        SH:  0    Dex: 16    Spells: 12/12 levels left

rFire   . . .        l - +2 rapier (venom)
rCold   x . .        x - +0 kite shield
rNeg    . . .        G - +0 steam dragon scales
rPois   +            (no helmet)
rElec   .            (no cloak)
rCorr   +            z - +0 pair of gloves
SInv    .            N - +2 pair of boots
Will    .....        H - amulet of reflection
Stlth   ++++         v - ring of resist corrosion
HPRegen 0.33/turn    B - ring of poison resistance
MPRegen 0.13/turn

%: reflection
@: confused, lethally poisoned (-13 -> -86), hasted, very quick
A: small, no large weapons, nightstalker 3, camouflage 1, clever 1, strong 1,
cold vulnerability 1, inability to read after injury 1
a: Renounce Religion


You were on level 2 of the Lair of Beasts.
You worshipped Xom.
You were a special plaything of Xom.
You visited 2 branches of the dungeon, and saw 14 of its levels.

You collected 709 gold pieces.

Inventory:

Hand Weapons
 a - a +0 short sword of chaos
 b - a +3 short sword of holy wrath
 l - a +2 rapier of venom (weapon)
 o - a +0 short sword of venom
 s - a +1 short sword of electrocution
Missiles
 I - 3 throwing nets
Armour
 u - a +0 helmet
 x - a +0 kite shield (worn)
 z - a +0 pair of gloves (worn)
 E - a +1 ring mail of cold resistance
 G - +0 steam dragon scales (worn)
 N - a +2 pair of boots (worn)
Jewellery
 e - a ring of fire
 j - a ring of magical power
 t - an amulet of the acrobat
 v - a ring of resist corrosion (left hand)
 w - an amulet of guardian spirit
 B - a ring of poison resistance (right hand)
 F - a ring of flight
 H - an amulet of reflection (around neck)
Wands
 h - a wand of light (8)
 C - a wand of iceblast (1)
 M - a wand of digging (4)
Scrolls
 c - a scroll of butterflies
 f - 6 scrolls of amnesia
 g - a scroll of fog
 i - 3 scrolls of teleportation
 n - a scroll of poison
 p - 3 scrolls of enchant armour
 y - a scroll of noise
 D - a scroll of vulnerability
 J - a scroll of fear
 K - a scroll of torment
Potions
 d - 7 potions of mutation
 k - 5 potions of might
 m - a potion of brilliance
 q - a potion of berserk rage
 A - a potion of ambrosia
 O - a potion of enlightenment
 Q - a potion of attraction {unknown}


   Skills:
 + Level 9.2 Fighting
 + Level 10.2 Short Blades
 + Level 2.7 Armour
 + Level 12.1 Dodging
 + Level 11.4 Stealth
 + Level 9.6 Shields
 * Level 9.1 Evocations


You had 12 spell levels left.
You didn't know any spells.
Your spell library contained the following spells:

 Spells                   Type           Power      Damage    Failure   Level
 Apportation              Tloc           0%         N/A       52%         1
 Foxfire                  Conj/Fire      0%         2x1d4     52%         1
 Necrotise                Necr           0%         1d4       52%         1
 Sting                    Conj/Alch      0%         1d3       52%         1
 Summon Small Mammal      Summ           0%         N/A       52%         1
 Ensorcelled Hibernation  Hex/Ice        0%         N/A       65%         2
 Passwall                 Alch/Erth      0%         N/A       65%         2
 Call Canine Familiar     Summ           0%         N/A       87%         3
 Summon Guardian Golem    Hex/Summ       0%         N/A       87%         3
 Swiftness                Air            0%         N/A       87%         3
 Plasma Beam              Fire/Air       0%         2x1d10    100%        6
 Starburst                Conj/Fire      0%         6d3       100%        6
 Chain Lightning          Conj/Air       0%         N/A       100%        9
 Fire Storm               Conj/Fire      0%         5d1       100%        9
 Shatter                  Erth           0%         3d5*      100%        9


Dungeon Overview and Level Annotations

Branches:
Dungeon (11/15)            Temple (0/1) D:5            Lair (3/5) D:10
  Swamp (0/4) Lair:2          Orc (0/2) D:11
  Snake: Lair:2-3    Spider: Lair:2-3

Altars:
Xom

Shops:
D:9 (

Annotations:
D:3 2 transporters, JaaP's ghost, weakling HODe


Innate Abilities, Weirdness & Mutations

You are small and have problems with some larger weapons.
You are completely attuned to the shadows.
Your skin changes colour to match your surroundings (Stealth+).
Your mind is acute. (Int +4, Str/Dex -1)
Your muscles are strong. (Str +4, Int/Dex -1)
You are vulnerable to cold. (rC-)
You occasionally lose the ability to read scrolls when taking damage.


Message History

You hear the loud beating of a very distant drum.
Found 2 scrolls of identify.
There is a stone staircase leading up here.
Found 7 gold pieces.
You block the blink frog's attack.
A blink frog comes into view.
You closely miss the blink frog. "Hum-dee-hum-dee-hum..."
The six-headed hydra evaporates and reforms as an emperor scorpion!
You block the blink frog's attack. The blink frog hits you!
The blink frog blinks!
There is a stone staircase leading up here.
You block the blink frog's attack. x2
The emperor scorpion closely misses you.
The emperor scorpion claws you.
The emperor scorpion claws you but does no damage.
The blink frog blinks!
You climb upwards.
There is a stone staircase leading down here.
Xom titters.
You are confused.
The blink frog attacks as it pursues you!
The blink frog hits you! The emperor scorpion stings you!
The emperor scorpion claws you. x2; The blink frog hits you.
The emperor scorpion stings you!!
* * * LOW HITPOINT WARNING * * *
You are lethally poisoned!
The emperor scorpion poisons you! The emperor scorpion claws you.
* * * LOW HITPOINT WARNING * * *
The emperor scorpion claws you but does no damage.
The blink frog barely misses you. The emperor scorpion stings you!
* * * LOW HITPOINT WARNING * * *
You are more poisoned.
The emperor scorpion poisons you!
The emperor scorpion completely misses you.
The emperor scorpion claws you.
* * * LOW HITPOINT WARNING * * *
The blink frog blinks!
It was a potion of haste.
You feel yourself speed up.
You die...
Xom chuckles heartily!

### ###### #.#### ######
#####.P#.########.##P####.#.P####
#...................F..........#.
................@...............#
#................s>..........>.##
#...........#..................#
#........##.8.##...............##
....#....#......###............P#
...###...#8.<.8.###............##
...# ##..#......P####..........#
...# ##..##...#..# ##..........#
######.##.##.#######.#.#.......#


You could see an emperor scorpion and a blink frog.

Vanquished Creatures
  A fire dragon (Lair:2)
  A two-headed ogre (D:9)
  Amaemon (D:9)
  2 skeletal warriors
  A manticore (D:11)
  A black mamba (Lair:2)
  A torpor snail (Lair:1)
  5 cane toads
  7 komodo dragons
  Maggie (D:9)
  An orange demon (D:9)
  2 rime drakes
  An unseen horror (D:11)
  Jeremiah (D:9)
  A kobold demonologist (D:8)
  Psyche (D:9)
  4 trolls
  A hornet (D:9)
  5 dream sheep (Lair:2)
  A slime creature (D:11)
  A wyvern (D:11)
  4 wraiths
  18 yaks
  Grum (D:9)
  A human (shapeshifter) (D:10)
  A steam dragon (D:7)
  A vampire mosquito (D:11)
  A swamp worm (Lair:2)
  An acid dragon (Lair:2)
  6 water moccasins
  8 orc warriors
  7 ice beasts
  4 black bears
  17 wolves
  3 centaurs
  A phantom (D:6)
  10 kobold brigands
  4 bullfrogs
  6 wights (D:9)
  7 howler monkeys
  9 electric eels
  2 jellies
  2 hounds
  2 sleepcaps
  3 iguanas (D:6)
  8 orc priests
  13 orc wizards
  7 gnolls
  4 adders
  2 bombardier beetles
  2 worms (D:2)
  5 dart slugs
  32 orcs
  A ball python (D:10)
  5 endoplasms
  A giant cockroach (D:1)
  6 hobgoblins
  3 quokkas
  4 frilled lizards
  10 goblins
  28 kobolds
  2 rats
292 creatures vanquished.

Vanquished Creatures (collateral kills)
  A catoblepas (Lair:1)
  A shadow (D:10)
  2 yaks (Lair:1)
  A water moccasin (Lair:1)
  An orc warrior (D:7)
  A black bear (Lair:1)
  3 wolves
  An orc (D:10)
11 creatures vanquished.

Vanquished Creatures (others)
  A dream sheep (Lair:2)
1 creature vanquished.

Grand Total: 304 creatures vanquished

Notes
Turn   | Place    | Note
-------+----------+-------------------------------------------
     0 | D:1      | Inarius the Kobold Chaos Knight began the quest for the
                  | Orb.
     0 | D:1      | Reached XP level 1. HP: 14/14 MP: 1/1
   218 | D:1      | Reached XP level 2. HP: 19/19 MP: 2/2
   328 | D:1      | Found a faded altar of an unknown god.
   891 | D:1      | Reached XP level 3. HP: 24/24 MP: 3/3
  1153 | D:1      | XOM: scenery: 2 doors close
  1266 | D:2      | XOM: god gift: halberd {god gift}
  1337 | D:2      | XOM: butterfly on damage
  1544 | D:2      | XOM: give mutation
  1544 | D:2      | Gained mutation: Your system is resistant to poisons.
                  | (rPois) [Xom's grace]
  1632 | D:2      | XOM: confuse monster(s)
  1880 | D:2      | XOM: god gift: book of Callings
  1967 | D:2      | XOM: divination: detect items
  2236 | D:3      | XOM: 8-stop teleportation journey
  2284 | D:3      | Reached XP level 4. HP: 29/29 MP: 4/4
  2422 | D:3      | Found a transporter.
  2525 | D:3      | Found a transporter.
  2529 | D:3      | Noticed JaaP's ghost (weakling HODe)
  2575 | D:3      | Reached skill level 5 in Short Blades
  2575 | D:3      | Reached skill level 1 in Armour
  2704 | D:3      | XOM: god gift: +5 double sword of chaos
  2898 | D:3      | Reached skill level 1 in Stealth
  2902 | D:3      | Reached XP level 5. HP: 30/34 MP: 5/5
  2937 | D:4      | XOM: polymorph orc -> howler monkey
  2959 | D:4      | XOM: noise
  2982 | D:4      | XOM: 2-stop teleportation journey
  3132 | D:4      | XOM: smoke on damage
  3325 | D:4      | XOM: silly message
  3327 | D:4      | Reached XP level 6. HP: 39/39 MP: 6/6
  3351 | D:4      | Lost mutation: Your system is resistant to poisons. (rPois)
                  | [potion of mutation]
  3351 | D:4      | Gained mutation: You are strong-willed. (Will+) [potion of
                  | mutation]
  3351 | D:4      | Gained mutation: You are partially covered in iridescent
                  | scales. (AC +2) [potion of mutation]
  3351 | D:4      | Gained mutation: You are mostly covered in iridescent
                  | scales. (AC +4) [potion of mutation]
  3351 | D:4      | Gained mutation: You have sharp toenails. [potion of
                  | mutation]
  3352 | D:4      | XOM: confusion
  3575 | D:4      | Reached skill level 3 in Dodging
  3802 | D:4      | XOM: noise
  4216 | D:5      | Entered Level 5 of the Dungeon
  4229 | D:5      | Found a staircase to the Ecumenical Temple.
  4239 | D:5      | XOM: 2-stop teleportation journey
  4486 | D:5      | XOM: 2-stop teleportation journey
  4558 | D:5      | XOM: summons 1 hostile demon
  4656 | D:5      | XOM: silly message
  4729 | D:5      | Noticed a black bear
  4750 | D:5      | Killed a black bear
  4751 | D:5      | Reached skill level 5 in Fighting
  4751 | D:5      | Reached XP level 7. HP: 23/44 MP: 4/7
  4844 | D:5      | XOM: summons 4 hostile shadow creatures
  4981 | D:6      | XOM: chaos cloud
  4984 | D:6      | XOM: 2-stop teleportation journey
  5032 | D:6      | XOM: smoke on damage
  5037 | D:6      | XOM: blink monster(s)
  5118 | D:6      | XOM: 10-stop teleportation journey
  5156 | D:6      | XOM: cleaving
  5162 | D:6      | XOM: give mutations
  5162 | D:6      | Gained mutation: You are agile. (Dex +4, Str/Int -1) [Xom's
                  | mischief]
  5162 | D:6      | Gained mutation: Your natural rate of healing is unusually
                  | fast. [Xom's mischief]
  5162 | D:6      | Gained mutation: Your muscles are strong. (Str +4, Int/Dex
                  | -1) [Xom's mischief]
  5166 | D:6      | XOM: noise
  5167 | D:6      | XOM: stat loss: -1 Dex (18/19)
  5175 | D:6      | XOM: blink monster(s)
  5176 | D:6      | XOM: swap monsters
  5181 | D:6      | HP: 1/44 [burnt (3)]
  5191 | D:6      | Reached skill level 1 in Shields
  5191 | D:6      | XOM: stat loss: -1 Int (11/12)
  5264 | D:6      | XOM: 1-stop teleportation journey
  5279 | D:6      | Identified the +0 flail of Calculation {spect, Fly}
  5357 | D:6      | Reached skill level 4 in Dodging
  5363 | D:6      | Reached XP level 8. HP: 51/51 MP: 6/8
  5434 | D:6      | Reached skill level 5 in Stealth
  6198 | D:7      | XOM: destruction
  6217 | D:7      | XOM: summons 2 friendly demons
  6218 | D:7      | XOM: divination: detect items
  6492 | D:7      | XOM: draining
  6894 | D:8      | XOM: summons 2 hostile demons
  6900 | D:8      | Reached skill level 5 in Dodging
  6918 | D:8      | Reached XP level 9. HP: 35/55 MP: 9/9
  6994 | D:8      | XOM: 2-stop teleportation journey
  7130 | D:8      | XOM: swap monsters
  7157 | D:8      | XOM: torment (27/56 hp)
  7385 | D:8      | XOM: give mutations
  7385 | D:8      | Gained mutation: Your flesh is heat resistant. (rF+) [Xom's
                  | mischief]
  7385 | D:8      | Gained mutation: Your spells are a little easier to cast,
                  | but a little less powerful. [Xom's mischief]
  7385 | D:8      | Gained mutation: You have a pair of small horns on your
                  | head. [Xom's mischief]
  7438 | D:8      | Noticed a kobold demonologist
  7451 | D:8      | XOM: summons 2 hostile shadow creatures
  7452 | D:8      | XOM: noise
  7457 | D:8      | Noticed a hellwing
  7612 | D:8      | Noticed a troll
  7618 | D:8      | XOM: potion effect (brilliance)
  7632 | D:8      | XOM: divination: detect creatures
  7639 | D:8      | Reached skill level 6 in Dodging
  7646 | D:8      | Killed a troll
  7692 | D:8      | XOM: potion effect (curing)
  7693 | D:8      | Noticed a sun demon
  7694 | D:8      | XOM: divination: magic mapping
  7695 | D:8      | Killed a kobold demonologist
  8165 | D:9      | Reached skill level 7 in Dodging
  8165 | D:9      | Reached XP level 10. HP: 64/64 MP: 10/10
  8199 | D:9      | Found Lenes's Weapon Shoppe.
  8271 | D:8      | XOM: silly message
  8366 | D:9      | Noticed a two-headed ogre
  8370 | D:9      | Killed a two-headed ogre
  8371 | D:9      | Reached skill level 5 in Shields
  8400 | D:9      | Reached skill level 1 in Evocations
  8410 | D:9      | Noticed Psyche
  8412 | D:9      | Killed Psyche
  8413 | D:9      | Reached skill level 8 in Dodging
  8419 | D:9      | Noticed Jeremiah
  8426 | D:9      | Noticed Grum
  8447 | D:9      | XOM: potion effect (haste)
  8462 | D:9      | Killed Grum
  8467 | D:9      | XOM: noise
  8467 | D:9      | Noticed Maggie
  8468 | D:9      | XOM: cast spell 'Summon Ice Beast'
  8469 | D:9      | XOM: cast spell 'Summon Cactus Giant'
  8498 | D:9      | Killed Maggie
  8591 | D:9      | Noticed an orange demon
  8604 | D:9      | XOM: confuse monster(s)
  8671 | D:9      | Killed an orange demon
  8710 | D:9      | Noticed Amaemon
  8724 | D:9      | XOM: confusion
  8736 | D:9      | XOM: scenery: summon butterflies
  8740 | D:9      | Killed Amaemon
  8741 | D:9      | Reached XP level 11. HP: 58/68 MP: 11/11
  8975 | D:9      | XOM: god gift: potion of curing
  8981 | D:9      | XOM: confuse monster(s)
  9010 | D:9      | Reached skill level 9 in Dodging
  9055 | D:9      | XOM: cleaving
  9061 | D:9      | Killed Jeremiah
  9187 | D:10     | Entered Level 10 of the Dungeon
  9262 | D:10     | XOM: swap monsters
  9345 | D:10     | XOM: enchant monster (bad)
  9354 | D:10     | XOM: scenery: summon butterflies
  9357 | D:10     | XOM: scenery: summon butterflies
  9375 | D:10     | Reached skill level 5 in Evocations
  9444 | D:10     | XOM: silly message
  9451 | D:10     | XOM: noise
  9481 | D:10     | XOM: summons 7 friendly demons
  9514 | D:10     | Identified the +0 flail of Defiance {heavy, rElec rCorr}
  9622 | D:10     | Found a staircase to the Lair.
  9666 | D:10     | XOM: polymorph howler monkey -> ball python
  9682 | D:10     | XOM: cloud trail
 10032 | D:11     | XOM: cast spell 'Alistair's Intoxication'
 10112 | D:11     | XOM: divination: detect creatures
 10119 | D:11     | XOM: divination: magic mapping
 10126 | D:11     | XOM: divination: detect items
 10134 | D:11     | XOM: cast spell 'Animate Armour'
 10236 | D:11     | Found a staircase to the Orcish Mines.
 10382 | D:11     | XOM: potion effect (brilliance)
 10401 | D:11     | XOM: cloud trail
 10462 | D:11     | XOM: cast spell 'Fugue of the Fallen'
 10470 | D:11     | XOM: silly message
 10475 | D:11     | XOM: give mutations
 10475 | D:11     | Lost mutation: Your flesh is heat resistant. (rF+) [Xom's
                  | mischief]
 10475 | D:11     | Lost mutation: You are agile. (Dex +4, Str/Int -1) [Xom's
                  | mischief]
 10475 | D:11     | Lost mutation: You are mostly covered in iridescent scales.
                  | (AC +4) [Xom's mischief]
 10485 | D:11     | Noticed a boulder beetle
 10489 | D:11     | Noticed a cyan ugly thing
 10491 | D:11     | Noticed a cyan ugly thing
 10542 | D:11     | XOM: cleaving
 10669 | D:11     | XOM: summons 4 hostile shadow creatures
 10670 | D:11     | Noticed a two-headed ogre
 10671 | D:11     | Upgraded the game from 0.31-a0-1370-gf52a5a9ab3 to
                  | 0.31-a0-1388-g4b2ba238e7
 10734 | D:11     | Noticed a manticore
 10750 | D:11     | a manticore changed into an ice beast
 10750 | D:11     | XOM: polymorph manticore -> ice beast
 10750 | D:11     | Noticed a skeletal warrior
 10791 | D:11     | Killed a skeletal warrior
 10792 | D:11     | Reached skill level 10 in Dodging
 10792 | D:11     | Reached XP level 12. HP: 69/75 MP: 12/12
 10864 | D:11     | Noticed a skeletal warrior
 10866 | D:11     | Noticed a skeletal warrior
 10876 | D:11     | XOM: confusion
 10906 | D:10     | Killed a skeletal warrior
 10974 | D:11     | XOM: give mutations
 10974 | D:11     | Gained mutation: You occasionally lose the ability to read
                  | scrolls when taking damage. [Xom's mischief]
 10974 | D:11     | Gained mutation: You are agile. (Dex +4, Str/Int -1) [Xom's
                  | mischief]
 10983 | D:11     | XOM: give mutations
 10983 | D:11     | Lost mutation: Your spells are a little easier to cast, but
                  | a little less powerful. [Xom's mischief]
 10983 | D:11     | Gained mutation: You are robust. (+10% HP) [Xom's mischief]
 11033 | D:11     | XOM: cleaving
 11111 | D:11     | XOM: god gift: scroll of fear
 11112 | D:11     | XOM: summons 1 hostile shadow creature
 11113 | D:11     | XOM: enchant monster (bad)
 11114 | D:11     | XOM: give mutations
 11114 | D:11     | Gained mutation: Your spells are a little easier to cast,
                  | but a little less powerful. [Xom's mischief]
 11114 | D:11     | Lost mutation: You are partially covered in iridescent
                  | scales. (AC +2) [Xom's mischief]
 11173 | Lair:1   | Entered Level 1 of the Lair of Beasts
 11207 | Lair:1   | XOM: give mutations
 11207 | Lair:1   | Lost mutation: You are strong-willed. (Will+) [Xom's
                  | mischief]
 11207 | Lair:1   | Gained mutation: Your health recovers twice as slowly from
                  | being drained. [Xom's mischief]
 11228 | Lair:1   | XOM: scenery: create altars
 11250 | Lair:1   | XOM: summons friendly white imp
 11286 | Lair:1   | XOM: cast spell 'Summon Ice Beast'
 11396 | Lair:1   | Reached skill level 10 in Stealth
 11498 | Lair:1   | Noticed a catoblepas
 11501 | Lair:1   | Noticed Fannar
 11510 | Lair:1   | HP: 3/82 [Fannar/staff of cold (8)]
 11592 | Lair:1   | XOM: cleaving
 11602 | D:10     | Fannar changed into Fannar the hobgoblin
 11602 | D:10     | Noticed Fannar
 11602 | D:10     | XOM: polymorph Fannar -> Fannar the hobgoblin
 11604 | D:10     | Killed Fannar the hobgoblin
 11633 | Lair:1   | HP: 4/82 [catoblepas (46)]
 11633 | Lair:1   | XOM: butterfly on damage
 11637 | Lair:1   | XOM: enchant monster (good)
 11719 | Lair:1   | XOM: summons 9 friendly demons
 11724 | Lair:1   | Killed a catoblepas
 11725 | Lair:1   | Reached skill level 10 in Short Blades
 11944 | Lair:1   | XOM: cast spell 'Summon Ice Beast'
 12080 | Lair:1   | Reached skill level 11 in Dodging
 12153 | Lair:1   | XOM: summons friendly iron imp
 12394 | Lair:1   | Reached XP level 13. HP: 88/88 MP: 13/13
 12770 | Lair:2   | XOM: 1-stop teleportation journey
 12797 | Lair:2   | XOM: confusion (+ monsters)
 12807 | Lair:2   | XOM: confuse monster(s)
 12815 | Lair:2   | XOM: give mutations
 12815 | Lair:2   | Lost mutation: You have a pair of small horns on your head.
                  | [Xom's mischief]
 12815 | Lair:2   | Lost mutation: Your natural rate of healing is unusually
                  | fast. [Xom's mischief]
 12820 | Lair:2   | XOM: smoke on damage
 12827 | Lair:2   | XOM: noise
 12829 | Lair:2   | XOM: 2-stop teleportation journey
 13030 | Lair:2   | XOM: give mutation
 13030 | Lair:2   | Gained mutation: Your mind is acute. (Int +4, Str/Dex -1)
                  | [Xom's grace]
 13057 | Lair:2   | XOM: give mutation
 13057 | Lair:2   | Gained mutation: You are vulnerable to cold. (rC-) [Xom's
                  | mischief]
 13178 | Lair:2   | XOM: swap monsters
 13200 | Lair:2   | XOM: polymorph dream sheep -> deep troll
 13203 | Lair:2   | a deep troll changed into a fire dragon
 13203 | Lair:2   | Noticed a fire dragon
 13203 | Lair:2   | XOM: polymorph deep troll -> fire dragon
 13205 | Lair:2   | Killed a fire dragon
 13209 | Lair:2   | XOM: repel stairs
 13212 | Lair:2   | XOM: scenery: 1 doors open
 13212 | Lair:2   | Xom revived you
 13219 | Lair:2   | XOM: scenery: 1 doors close
 13232 | Lair:2   | XOM: scenery: 1 doors open
 13233 | Lair:2   | XOM: divine lightning
 13234 | Lair:2   | Reached skill level 12 in Dodging
 13546 | Lair:2   | XOM: summons friendly crimson imp
 13745 | Lair:2   | Found a staircase to the Swamp.
 14090 | Lair:2   | XOM: give mutations
 14090 | Lair:2   | Lost mutation: Your health recovers twice as slowly from
                  | being drained. [Xom's mischief]
 14090 | Lair:2   | Lost mutation: You have sharp toenails. [Xom's mischief]
 14090 | Lair:2   | Lost mutation: You are robust. (+10% HP) [Xom's mischief]
 14096 | Lair:2   | Lost mutation: Your spells are a little easier to cast, but
                  | a little less powerful. [potion of mutation]
 14096 | Lair:2   | Lost mutation: You are agile. (Dex +4, Str/Int -1) [potion
                  | of mutation]
 14096 | Lair:2   | Gained mutation: Your skin changes colour to match your
                  | surroundings (Stealth+). [potion of mutation]
 14098 | Lair:3   | Noticed a six-headed hydra
 14101 | Lair:3   | a six-headed hydra changed into an emperor scorpion
 14101 | Lair:3   | Noticed an emperor scorpion
 14101 | Lair:3   | XOM: polymorph six-headed hydra -> emperor scorpion
 14106 | Lair:2   | XOM: confusion
 14108 | Lair:2   | HP: 2/80 [emperor scorpion (5)]
 14109 | Lair:2   | Succumbed to an emperor scorpion's poison

Illustrated notes

Levels and vault maps discovered:
D:1:      kennysheep_arrival_forest, layout_loops_corners,
          hellmonk_ecumenical_altar_slurped_away, st_stairs_1
D:2:      layout_basic, kennysheep_generic_room_5
D:3:      layout_loops_ring, gammafunk_ghost_arena
D:4:      layout_basic
D:5:      layout_cave_pools, nicolae_overflow_hidden_temple, temple_fountains
D:6:      layout_cave_pools, minivault_5
D:7:      layout_gridville, minmay_misc_feat_four_crosses
D:8:      layout_basic, st_stairs_1, kennysheep_boxes
D:9:      layout_roguey, serial_shops, shop, uniq_maggie, uniq_jeremiah,
          uniq_amaemon, uniq_grum, uniq_psyche
D:10:     layout_roguey, hellmonk_lair_entry_icy, minmay_misc_feat_chi
D:11:     hangedman_cross_stitches, layout_loops_ring, erik_orc_2
Lair:1:   layout_gridlike, beast_lair_carwin_9, uniq_fannar
Lair:2:   layout_cellular_growth, minmay_swamp_entry_worms, grunt_megastairs_1
Lair:3:   minmay_guarded_unrand_snakebite, layout_hall_layers,
          minmay_snake_entry_guardpost_large, gauntlet_entry_generic,
          infiniplex_staircase_pool, lemuel_fruit_tree, uniq_urug

Skill      XL: |  1  2  3  4  5  6  7  8  9 10 11 12 13 |
---------------+----------------------------------------+-----
Fighting       | 4 5 6 7 8 9 |  9.2
Short Blades   | 5 6 7 8 9 10 | 10.2
Armour         | 1 2 |  2.7
Stealth        | 1 2 4 6 7 8 9 10 11 | 11.4
Dodging        | 3 4 5 7 8 10 11 12 | 12.1
Shields        | 1 2 4 6 7 9 |  9.6
Evocations     | 4 6 8 9 |  9.1

Action                     |  1- 3 |  4- 6 |  7- 9 | 10-12 | 13-15 || total
---------------------------+-------+-------+-------+-------+-------++-------
  Melee: Short sword       |   101 |   149 |   396 |   995 |   193 ||  1834
         Double sword      |       |    16 |       |       |       ||    16
         Kick              |       |    16 |       |       |       ||    16
         Headbutt          |       |       |    35 |   287 |    13 ||   335
         Rapier            |       |       |       |       |    20 ||    20
  Evoke: Wand              |       |       |     7 |     8 |     1 ||    16
    Use: Potion            |       |     2 |     3 |     2 |     4 ||    11
         Scroll            |       |       |     1 |    23 |     6 ||    30
   Stab: Sleeping          |     6 |    10 |     8 |    22 |     4 ||    50
         Petrified         |     2 |       |     1 |     3 |       ||     6
         Confused          |       |     1 |       |     7 |     3 ||    11
         Distracted        |       |       |     1 |     6 |       ||     7
         Paralysed         |       |       |     6 |     3 |     3 ||    12
         Petrifying        |       |       |       |     5 |     1 ||     6
 Armour: Leather armour    |    28 |    98 |    96 |       |       ||   222
         Steam dragon scal |       |       |    81 |   272 |    57 ||   410
  Dodge: Dodged            |    50 |    98 |   189 |   444 |    94 ||   875
  Block: Buckler           |     7 |       |       |       |       ||     7
         Kite shield       |       |    23 |   268 |   858 |   157 ||  1306
         Reflection        |       |       |     8 |     1 |       ||     9

Table legend: (Time is in decaauts)
 A = Elapsed time spent in this place.
 B = Non-inter-level travel time spent in this place.
 C = Inter-level travel time spent in this place.
 D = Time resting spent in this place.
 E = Time spent auto-exploring this place.
 F = Levels seen in this place.
 G = Mean time per level.
                   A        B        C        D        E       F      G
               +--------+--------+--------+--------+--------+-----+--------+
         Total |  13690 |  13026 |    664 |   1247 |   8605 |  14 |  977.9 |
       Dungeon |  11032 |  10480 |    552 |    935 |   7010 |  11 | 1002.9 |
          Lair |   2658 |   2546 |    112 |    312 |   1594 |   3 |  886.0 |
               +--------+--------+--------+--------+--------+-----+--------+

Top non-repeatable levels by time:
  Lair:2: 1353 daAuts
     D:8: 1296 daAuts
  Lair:1: 1256 daAuts
     D:1: 1148 daAuts
     D:4: 1088 daAuts
    D:10: 1081 daAuts
     D:2: 1067 daAuts
     D:6: 998 daAuts
     D:7: 956 daAuts
     D:9: 901 daAuts
    D:11: 882 daAuts
     D:3: 877 daAuts
     D:5: 732 daAuts
  Lair:3: 48 daAuts
